AoeStats
← KRäzi

Nomad

505080188Analyzed
4v4 RM · 24d ago on Sep 7, 2026· 41m 55s· 8 players
Game mode
Random Map
Map size
231×231
Population
200
Speed
Normal
Resources
Standard
Victory
Conquest
Starting age
Dark Age
Ending age
Imperial Age
RankedLock teamsTeams togetherTeam positionsShared explorationLock speedFull tech treeHidden civsTurbo modeCheats
Victory
Defeat
🇷🇺 Magyars · Russia
1156
+16
🇺🇸 Poles · United States
1151
+16
🇷🇸 Cumans · Serbia
1145
+16
🇫🇷 Italians · France
1143
+16
🇹🇷 Saracens · Türkiye
1187
-17
🇳🇴 Italians · Norway
1176
-17
🇵🇱 Persians · Poland
1149
-16
🇺🇸 Malians · United States
1091
-14
Ch0wee
7:58 Loom
13:32 Feudal Age
20:22 Castle Age
27:32 Double-Bit Axe
27:49 Gold Mining
30:36 Bow Saw
30:31 Horse Collar
32:00 Wheelbarrow
32:41 Fletching
32:51 Padded Archer Armor
33:48 Bodkin Arrow
37:23 Leather Archer Armor
39:12 Hand Cart
39:26 Heavy Plow
mattramone
4:25 Loom
13:52 Feudal Age
15:50 Double-Bit Axe
16:02 Horse Collar
18:34 Castle Age
21:52 Bow Saw
21:30 Light Cavalry
24:00 Heavy Plow
25:02 Fletching
26:47 Wheelbarrow
26:38 Bloodlines
27:12 Husbandry
28:02 Gold Mining
28:10 Stone Mining
31:22 Scale Barding Armor
32:59 Chain Barding Armor
32:50 Forging
35:14 Imperial Age
33:33 Szlachta Privileges
33:58 Bodkin Arrow
35:20 Cavalier
36:38 Iron Casting
37:15 Crop Rotation
36:11 Winged Hussar
37:18 Conscription
37:43 Hand Cart
38:54 Blast Furnace
39:31 Caravan
ToRRo
9:36 Loom
12:17 Feudal Age
13:12 Double-Bit Axe
13:09 Horse Collar
15:24 Wheelbarrow
21:15 Town Watch
23:41 Castle Age
21:54 Gold Mining
22:35 Stone Mining
23:52 Bloodlines
24:04 Scale Barding Armor
24:33 Bow Saw
24:30 Heavy Plow
24:22 Town Watch
25:42 Chain Barding Armor
27:45 Forging
30:50 Iron Casting
30:59 Gold Shaft Mining
31:39 Hand Cart
31:25 Town Patrol
35:04 Imperial Age
33:56 Steppe Husbandry
35:17 Cavalier
36:07 Capped Ram
37:20 Conscription
36:53 Paladin
39:02 Siege Ram
40:45 Plate Barding Armor
41:17 Blast Furnace
42:15 Two-Man Saw
sybertuk
5:38 Loom
14:46 Feudal Age
17:10 Double-Bit Axe
22:05 Castle Age
19:53 Horse Collar
20:31 Fishing Lines
21:53 Town Watch
22:44 Wheelbarrow
23:38 Bow Saw
23:31 Heavy Plow
28:12 Bloodlines
29:04 Husbandry
30:11 Scale Barding Armor
30:28 Hand Cart
32:42 Chain Barding Armor
36:37 Imperial Age
34:53 Fletching
35:18 Masonry
35:04 Murder Holes
34:45 Light Cavalry
36:17 Ballistics
35:41 Treadmill Crane
36:28 Ballistics
36:05 Murder Holes
36:11 Stone Mining
36:11 Gold Mining
36:41 Capped Ram
37:09 Cavalier
38:30 Plate Barding Armor
41:22 Chemistry
40:23 Paladin
KRäzi
13:35 Feudal Age
18:59 Castle Age
17:24 Man-at-Arms
18:50 Bloodlines
18:50 Horse Collar
20:07 Forging
23:07 Double-Bit Axe
24:32 Man-at-Arms
25:28 Scale Mail Armor
27:30 Bow Saw
28:16 Long Swordsman
29:56 Squires
31:30 Loom
32:20 Wheelbarrow
32:01 Pikeman
34:30 Hand Cart
38:35 Imperial Age
36:56 Fletching
37:20 Padded Archer Armor
37:51 Gold Mining
37:53 Stone Mining
38:41 Arson
38:54 Light Cavalry
41:15 Chemistry
loczekk_95
4:53 Loom
12:59 Feudal Age
14:27 Wheelbarrow
14:37 Double-Bit Axe
16:02 Fishing Lines
16:24 Gold Mining
18:39 Bloodlines
21:35 Castle Age
22:17 Hand Cart
22:06 Husbandry
22:16 Bloodlines
21:27 Light Cavalry
22:35 Medium Warships
22:15 Gillnets
22:42 Bow Saw
23:10 Horse Collar
28:36 Gold Shaft Mining
31:26 Scale Barding Armor
32:08 Forging
34:34 Chain Barding Armor
34:50 Iron Casting
39:20 Imperial Age
38:10 Stone Mining
38:37 Caravan
38:57 Cavalier
40:15 Plate Barding Armor
40:41 Blast Furnace
40:43 Savar
OnlyNomad
4:44 Loom
14:06 Feudal Age
14:33 Double-Bit Axe
15:24 Fishing Lines
20:01 Castle Age
21:15 Bow Saw
22:28 Stone Mining
23:26 Gold Mining
24:12 Stone Shaft Mining
24:03 Fletching
25:01 Wheelbarrow
24:48 Bodkin Arrow
25:26 Gillnets
28:22 Ballistics
32:28 Imperial Age
30:03 Padded Archer Armor
32:29 Elite Skirmisher
36:40 Town Watch
37:10 Hand Cart
40:20 Bracer
vwusxa7
4:07 Loom
16:18 Feudal Age
16:54 Gold Mining
16:51 Double-Bit Axe
17:12 Town Watch
18:17 Fishing Lines
23:08 Castle Age
22:11 Scale Mail Armor
22:21 Forging
22:43 Fletching
22:55 Stone Mining
26:01 Gillnets
26:09 Town Watch
27:04 Scale Barding Armor
27:10 Forging
33:27 Gold Shaft Mining
33:03 Scale Barding Armor
33:09 Forging
33:12 Bloodlines
33:02 Husbandry
33:45 Wheelbarrow
33:33 Bow Saw
35:00 Town Patrol
34:47 Horse Collar
35:35 Chain Barding Armor
35:31 Heavy Plow
36:57 Hand Cart
Connection lost

Rejoining the realm…

Still unreachable

The connection could not be restored.

Session expired

The server has moved on; the page needs a fresh start.